 Dungeon Crawl Stone Soup version 0.19.0-9-gfd783f2 (webtiles) character file.

38064 AAAAA the Transmogrifier (level 14, -11/114 HPs)
             Began as an Octopode Warper on Nov 7, 2016.
             Was an Elder of Makhleb.
             Mangled by an orc warrior
             ... wielding a +0 halberd
              (16 damage)
             ... on level 11 of the Dungeon.
             The game lasted 01:35:41 (21175 turns).

AAAAA the Transmogrifier (Octopode Warper)         Turns: 21175, Time: 01:35:41

Health: -11/114    AC:  8    Str: 13    XL:     14   Next: 0%
Magic:  18/27      EV: 14    Int: 17    God:    Makhleb [****..]
Gold:   440        SH:  0    Dex: 12    Spells: 5 memorised, 11 levels left

rFire  + . .     SeeInvis .       - Unarmed
rCold  . . .     Gourm    .     (shield currently unavailable)
rNeg   . . .     Faith    .     (helmet currently unavailable)
rPois  +         Spirit   .     (no amulet)
rElec  .         Reflect  .     k - ring of poison resistance
rCorr  .         Harm     .     q - +2 ring of strength
MR     +....                    n - ring of protection from fire
Stlth  +++.......               H - +2 ring of evasion
                                (no ring)
                                (no ring)
                                (no ring)
                                (no ring)

@: hydra-form, drained
A: almost no armour, stealthy swim, amphibious, 8 rings, (constrict 8),
(tentacle spike 0), (camouflage 0), clumsy 1, (gelatinous body 0)
a: End Transformation, Minor Destruction, Lesser Servant of Makhleb, Major
Destruction, Renounce Religion


You were on level 11 of the Dungeon.
You worshipped Makhleb.
Makhleb was greatly pleased with you.
You were not hungry.
You were a four-headed hydra.
You visited 3 branches of the dungeon, and saw 18 of its levels.

You collected 990 gold pieces.
You spent 550 gold pieces at shops.

Inventory:

Hand Weapons
 g - a +0 shortbow
 m - a +4 dagger of speed
 D - a +0 blowgun
Missiles
 s - 9 poisoned needles
 w - 209 arrows
 z - 10 curare-tipped needles
 S - 3 tomahawks (quivered)
Magical Staves
 V - an uncursed staff of wizardry (melded)
Jewellery
 k - a ring of poison resistance (left foreclaw)
 n - a ring of protection from fire (on tentacle)
 q - a +2 ring of strength (right foreclaw)
 x - an uncursed amulet of harm
 C - an uncursed ring of fire
 H - a +2 ring of evasion (on tentacle)
Wands
 h - a wand of paralysis (14/24)
 j - a wand of lightning (2/15)
 r - a wand of slowing (27/48)
 E - a wand of enslavement (13/24)
 I - a wand of digging (5/24)
 K - a wand of disintegration (18/24)
 O - a wand of digging (15/24)
Scrolls
 b - 4 scrolls of enchant armour
 i - 4 scrolls of identify
 o - 13 scrolls of remove curse
 t - 4 scrolls of enchant weapon
 u - 4 scrolls of amnesia
 v - 2 scrolls of recharging
 y - 2 scrolls of immolation
 B - a scroll of teleportation
Potions
 c - 2 potions of flight
 e - 3 potions of magic
 f - a potion of cure mutation
 l - a potion of ambrosia
 A - a potion of curing
 N - a potion of might
 T - a potion of resistance {unknown}
Books
 a - a book of Spatial Translocations

   Spells                             Type                      Level
   a - Blink                          Translocation                2
   b - Shroud of Golubria             Charms/Translocation         2
   c - Lesser Beckoning               Translocation                3
   d - Portal Projectile              Translocation                3
   e - Teleport Other                 Translocation                3
   f - Passage of Golubria            Translocation                4
 F - a book of Transfigurations

   Spells                             Type                      Level
   a - Irradiate                      Conjuration/Transmutation    5
   b - Statue Form                    Transmutation/Earth          6
   c - Hydra Form                     Transmutation                6
   d - Dragon Form                    Transmutation                7
 G - a book of Geomancy

   Spells                             Type                      Level
   a - Sandblast                      Earth                        1
   b - Passwall                       Transmutation/Earth          2
   c - Stone Arrow                    Conjuration/Earth            3
   d - Petrify                        Transmutation/Earth          4
   e - Lee's Rapid Deconstruction     Earth                        5
 M - a book of Necromancy

   Spells                             Type                      Level
   a - Pain                           Necromancy                   1
   b - Animate Skeleton               Necromancy                   1
   c - Vampiric Draining              Necromancy                   3
   d - Regeneration                   Charms/Necromancy            3
   e - Animate Dead                   Necromancy                   4
   f - Control Undead                 Necromancy                   4
Miscellaneous
 J - a crystal ball of energy
Comestibles
 d - 7 bread rations
 p - a fruit
 L - 4 meat rations
 Q - a beef jerky
 R - a slice of pizza


   Skills:
 - Level 5.1(5.0) Fighting
 - Level 1.0(0.8) Throwing
 - Level 10.3(10.1) Dodging
 - Level 5.1(4.9) Stealth
 - Level 10.0(9.8) Unarmed Combat
 + Level 9.2(9.1) Spellcasting
 - Level 4.0(3.8) Translocations
 - Level 12.0(11.8) Transmutations
 + Level 4.9(4.8) Earth Magic
 - Level 9.1(8.9) Invocations


You had 11 spell levels left.
You knew the following spells:

 Your Spells              Type           Power        Failure   Level  Hunger
a - Blink                 Tloc           N/A          2%          2    None
b - Regeneration          Chrm/Necr      #.........   30%         3    None
c - Statue Form           Tmut/Erth      #####....    50%         6    ######.
d - Hydra Form            Tmut           #####.....   12%         6    ######.
e - Teleport Other        Tloc           ###.....     8%          3    None


Dungeon Overview and Level Annotations

Branches:
Dungeon (11/15)            Temple (1/1) D:6            Lair (6/6) D:8
  Swamp (0/4) Lair:2       Spider (0/4) Lair:3        Slime (0/5) Lair:6
    Orc (0/2) D:11

Altars:
Ashenzari
Cheibriados
Dithmenos
Elyvilon
Fedhas
Gozag
Hepliaklqana
Kikubaaqudgha
Makhleb
Nemelex Xobeh
Okawaru
Qazlal
Ru
Sif Muna
Trog
Uskayaw
Vehumet
Xom
Yredelemnul
Zin
The Shining One
Beogh

Shops:
D:7 :

Annotations:
Lair:1 Gastronok
Lair:5 exclusion: 2 downstairs, ayyllmao's ghost, journeyman FoFi
Lair:6 exclusion: oklob plant


Innate Abilities, Weirdness & Mutations

You cannot wear most types of armour.
You are very stealthy in the water. (Stealth+)
You are amphibious.
You can wear up to eight rings at the same time.
((You can use your tentacles to constrict eight enemies at once.))
((Your skin changes colour to match your surroundings (Stealth+).))
((Your rubbery body absorbs attacks. (AC +1, EV +1)))
((One of your tentacles bears a spike.))
You are clumsy. (Dex -2)


Message History

* * * LOW HITPOINT WARNING * * *
You feel much better.
The orc warrior hits you from afar with a halberd!
* * * LOW HITPOINT WARNING * * *
The orc warrior misses you.
Okay, then.
A demon appears!
The orc warrior misses you.
The orc warrior hits you with a dire flail!
* * * LOW HITPOINT WARNING * * *
Okay, then.
Okay, then.
Okay, then.
Evoke which item? (* to show all) (? for menu, Esc to quit)
Okay, then.
You feel better.
The orc priest mumbles some strange prayers to Beogh against you.
Beogh smites you!
* * * LOW HITPOINT WARNING * * *
The orc warrior hits you from afar with a halberd!
You die...

#....#####'##.......
#....................
#...................
#.......######.....#
#.......#....#.....#
........#....#.....#
........#....#..3..+
........#....#.....#
........#....#ooD..#
...)...)'....#o########
.......).....o.8#o....#
........#.......#.....#
........#....>..o.o_..#
.#####..#.......#.....#
. #..#......8#.....#
#..#....##########
#..#.....


You could see 2 orc warriors, 2 orc priests and a friendly ynoxinul.

Vanquished Creatures
  Josephine (Lair:5)
  10 hydras
  A death yak (Lair:6)
  A hill giant (D:10)
  Pikel (D:9)
  An ugly thing (D:11)
  4 elephants
  Maurice (D:11)
  3 black mambas
  9 spiny frogs
  2 rime drakes
  11 komodo dragons
  A merfolk (D:9)
  Prince Ribbit (D:8)
  5 dream sheep (Lair:5)
  8 blink frogs
  9 hippogriffs
  4 wraiths
  6 basilisks
  8 yaks
  2 wyverns
  Menkaure (D:5)
  A hungry ghost (D:11)
  Duvessa (D:6)
  8 porcupines
  35 water moccasins
  6 orc warriors
  2 sky beasts
  2 ice beasts
  3 slaves (D:9)
  A swamp drake (Lair:2)
  An ogre (D:5)
  2 necrophages
  2 wolves (Lair:6)
  6 centaurs
  10 crocodiles
  2 big kobolds (D:7)
  5 bullfrogs
  A gnoll sergeant (D:8)
  A wyvern zombie (D:7)
  Dowan (D:6)
  A wyvern skeleton (D:9)
  3 scorpions
  7 killer bees (D:8)
  5 wights (D:9)
  3 howler monkeys (D:10)
  2 electric eels
  5 crimson imps
  A centaur zombie (D:6)
  2 jellies (D:9)
  2 centaur skeletons
  3 orc priests
  4 hounds
  11 orc wizards
  Jessica (D:3)
  2 iguanas
  6 worker ants
  A hound zombie (D:7)
  2 worker ant zombies
  19 adders
  8 gnolls
  A howler monkey skeleton (D:5)
  3 river rats (D:8)
  2 shadow imps
  An adder zombie (D:7)
  2 adder skeletons
  A worm (D:5)
  5 dart slugs
  3 leopard geckos
  42 orcs
  4 giant cockroaches
  2 gnoll zombies (D:5)
  7 goblins
  10 hobgoblins
  3 quokkas
  2 ball pythons
  19 bats
  5 frilled lizards
  15 kobolds
  A quokka skeleton (D:4)
  17 rats
  3 fungi
  A plant (Lair:5)
417 creatures vanquished.

Vanquished Creatures (collateral kills)
  2 hydras
  Sonja (Lair:3)
  A black mamba (Lair:6)
  A jumping spider (Lair:3)
  5 blink frogs
  A redback (Lair:3)
  A wyvern (Lair:4)
  A water moccasin (Lair:6)
  2 porcupines
  A wolf (Lair:6)
  A bullfrog (Lair:4)
17 creatures vanquished.

Vanquished Creatures (others)
  16 fungi
  16 plants
32 creatures vanquished.

Grand Total: 466 creatures vanquished

Notes
Turn   | Place    | Note
-------+----------+-------------------------------------------
     0 | D:1      | AAAAA the Octopode Warper began the quest for the Orb.
     0 | D:1      | Reached XP level 1. HP: 14/14 MP: 3/3
   147 | D:1      | Reached XP level 2. HP: 12/19 MP: 5/5
   175 | D:1      | Learned a level 2 spell: Blink
   467 | D:2      | Reached XP level 3. HP: 24/24 MP: 6/6
   743 | D:3      | Reached XP level 4. HP: 29/29 MP: 7/7
   925 | D:4      | Found a bloodstained altar of Trog.
  1058 | D:3      | Learned a level 3 spell: Teleport Other
  1098 | D:3      | Reached XP level 5. HP: 11/34 MP: 8/8
  1320 | D:3      | Noticed Jessica
  1344 | D:3      | Killed Jessica
  1368 | D:3      | Found a deep blue altar of Sif Muna.
  1463 | D:5      | Entered Level 5 of the Dungeon
  1771 | D:4      | Reached XP level 6. HP: 39/43 MP: 9/9
  2101 | D:5      | Noticed Menkaure
  2162 | D:5      | Reached skill level 5 in Fighting
  2228 | D:5      | Killed Menkaure
  2228 | D:5      | Reached skill level 5 in Unarmed Combat
  2228 | D:5      | Reached XP level 7. HP: 34/50 MP: 10/10
  2283 | D:6      | Noticed a hippogriff
  2356 | D:5      | Found an ancient bone altar of Kikubaaqudgha.
  2785 | D:6      | Found a staircase to the Ecumenical Temple.
  2805 | Temple   | Entered the Ecumenical Temple
  2844 | Temple   | Became a worshipper of Makhleb the Destroyer
  2867 | D:6      | Noticed Duvessa
  2867 | D:6      | Noticed Dowan
  2912 | D:5      | Found a glowing silver altar of Zin.
  3001 | D:5      | Reached XP level 8. HP: 22/55 MP: 11/11
  3248 | D:5      | HP: 2/82 [centaur (4)]
  3589 | D:5      | Found a basalt altar of Yredelemnul.
  4686 | D:6      | HP: 1/55 [hippogriff (6)]
  4985 | D:6      | Killed Duvessa
  5005 | D:6      | Killed Dowan
  5194 | D:6      | Reached * piety under Makhleb
  5746 | D:7      | Reached skill level 1 in Invocations
  5781 | D:7      | Found Jinit's Book Shoppe.
  5882 | D:7      | Reached XP level 9. HP: 9/61 MP: 12/12
  6407 | D:7      | Reached skill level 5 in Invocations
  6476 | D:7      | Reached ** piety under Makhleb
  6724 | D:7      | Found a sacrificial altar of Ru.
  6826 | D:8      | HP: 3/61 [hungry ghost (2)]
  7402 | D:8      | Found a sparkling altar of Nemelex Xobeh.
  7554 | D:8      | Reached *** piety under Makhleb
  7879 | D:8      | Found a staircase to the Lair.
  8221 | Lair:1   | Entered Level 1 of the Lair of Beasts
  8331 | Lair:2   | Noticed a komodo dragon
  8344 | Lair:2   | Killed a komodo dragon
  8344 | Lair:2   | Reached skill level 5 in Stealth
  8344 | Lair:2   | Reached XP level 10. HP: 66/66 MP: 11/16
  8390 | Lair:2   | Noticed an eight-headed hydra
  8406 | Lair:2   | Killed an eight-headed hydra
  8450 | Lair:2   | Noticed a spiny frog
  8460 | Lair:2   | Killed a spiny frog
  8529 | Lair:2   | Found a staircase to the Swamp.
  8633 | Lair:3   | Noticed Sonja
  8641 | Lair:3   | Killed Sonja
  8689 | Lair:3   | Found a hole to the Spider Nest.
  8801 | Lair:3   | Noticed a black mamba
  8821 | Lair:3   | Killed a black mamba
  8861 | Lair:3   | Noticed an eight-headed hydra
  8884 | Lair:3   | Killed an eight-headed hydra
  8930 | Lair:3   | Reached skill level 10 in Dodging
  9162 | Lair:3   | Noticed a spiny frog
  9177 | Lair:3   | Killed a spiny frog
  9177 | Lair:3   | Reached XP level 11. HP: 60/71 MP: 9/17
  9678 | Lair:4   | Noticed a seven-headed hydra
  9801 | D:7      | Bought a book of Transfigurations for 550 gold pieces
  9808 | D:7      | Learned a level 6 spell: Statue Form
  9947 | Lair:1   | Noticed a four-headed hydra
 10194 | Lair:1   | Reached skill level 10 in Unarmed Combat
 10336 | Lair:1   | Reached skill level 1 in Transmutations
 10336 | Lair:1   | Reached skill level 1 in Earth Magic
 10595 | Lair:1   | Noticed Gastronok
 11129 | Lair:4   | Reached skill level 2 in Transmutations
 11404 | Lair:5   | Noticed ayyllmao's ghost (journeyman FoFi)
 11426 | Lair:4   | Noticed a four-headed hydra
 11589 | Lair:4   | Reached skill level 3 in Transmutations
 11678 | Lair:3   | Killed a four-headed hydra
 11998 | Lair:4   | Reached skill level 4 in Transmutations
 12345 | Lair:4   | Learned a level 6 spell: Hydra Form
 12372 | Lair:5   | Reached skill level 5 in Transmutations
 12458 | Lair:5   | Reached XP level 12. HP: 77/77 MP: 18/18
 13115 | Lair:4   | Noticed a four-headed hydra
 13123 | Lair:4   | Killed a four-headed hydra
 13123 | Lair:4   | Reached skill level 6 in Transmutations
 13138 | Lair:4   | Noticed a four-headed hydra
 13197 | Lair:3   | Killed a four-headed hydra
 13491 | Lair:4   | Reached skill level 7 in Transmutations
 13507 | Lair:4   | Reached skill level 5 in Spellcasting
 14133 | Lair:2   | Reached **** piety under Makhleb
 14229 | Lair:2   | Reached skill level 8 in Transmutations
 14915 | Lair:6   | Entered Level 6 of the Lair of Beasts
 14915 | Lair:6   | Found a staircase to the Slime Pits.
 15057 | Lair:4   | Killed a seven-headed hydra
 15057 | Lair:4   | Reached skill level 9 in Transmutations
 15335 | Lair:6   | Noticed a five-headed hydra
 15388 | Lair:6   | Killed a five-headed hydra
 15898 | Lair:6   | Noticed an eight-headed hydra
 15946 | Lair:6   | Killed an eight-headed hydra
 16078 | Lair:6   | Reached skill level 10 in Transmutations
 16078 | Lair:6   | Reached XP level 13. HP: 81/81 MP: 20/23
 17264 | Lair:5   | Reached skill level 11 in Transmutations
 18279 | Lair:5   | Noticed Josephine
 18302 | Lair:5   | Killed Josephine
 18950 | Lair:6   | Noticed a dire elephant
 19003 | Lair:6   | Reached skill level 12 in Transmutations
 19817 | D:8      | Noticed Prince Ribbit
 19833 | D:8      | Killed Prince Ribbit
 19842 | D:8      | Learned a level 3 spell: Regeneration
 20021 | D:9      | Noticed Pikel
 20041 | D:9      | Killed Pikel
 20298 | D:9      | Found a glowing golden altar of the Shining One.
 20359 | D:10     | Entered Level 10 of the Dungeon
 20437 | D:10     | Found a hazy altar of Hepliaklqana.
 20578 | D:10     | Gained mutation: You are clumsy. (Dex -2) [mutagenic meat]
 20579 | D:10     | Gained mutation: One of your tentacles bears a spike. [mutagenic meat]
 20984 | D:11     | Noticed Maurice
 21124 | D:11     | Killed Maurice
 21130 | D:11     | Found a staircase to the Orcish Mines.
 21150 | D:11     | Found a roughly hewn altar of Beogh.
 21158 | D:11     | Reached XP level 14. HP: 57/88 MP: 15/27
 21175 | D:11     | HP: 5/114 [orc priest/divine providence (12)]
 21175 | D:11     | Mangled by an orc warrior

Skill      XL: |  1  2  3  4  5  6  7  8  9 10 11 12 13 |
---------------+----------------------------------------+-----
Unarmed Combat | 3 4 5 7 8 10 | 10.0
Translocations | 4 |  4.0
Fighting       | 4 5 |  5.1
Dodging        | 4 10 | 10.3
Invocations    | 4 9 |  9.1
Stealth        | 5 |  5.1
Transmutations | 5 10 12 | 12.0
Earth Magic    | 2 4 |  4.9
Spellcasting   | 4 6 9 |  9.2
Throwing       | |  1.0

Action                   |  1- 3 |  4- 6 |  7- 9 | 10-12 | 13-15 || total
-------------------------+-------+-------+-------+-------+-------++-------
Melee: Unarmed           |    40 |       |   242 |   279 |   348 ||   909
       Constrict         |    21 |    29 |    64 |    49 |    16 ||   179
       Tentacles         |    12 |    25 |    67 |    56 |    23 ||   183
       Dagger            |    29 |   137 |   122 |       |       ||   288
       Punch             |     1 |     1 |    22 |    23 |     8 ||    55
       Staff             |       |       |       |       |     6 ||     6
       Kick              |       |       |       |       |     2 ||     2
 Fire: Shortbow          |       |       |    14 |       |       ||    14
Throw: Tomahawk          |       |       |     5 |       |       ||     5
       Throwing net      |       |       |     3 |       |       ||     3
 Cast: Blink             |       |     3 |    22 |    89 |    46 ||   160
       Teleport Other    |       |       |    13 |       |       ||    13
       Hydra Form        |       |       |       |       |    40 ||    40
       Statue Form       |       |       |       |       |     1 ||     1
Invok: Minor Destruction |       |       |    70 |   371 |   134 ||   575
       Lesser Servant of |       |       |       |    16 |     1 ||    17
       Major Destruction |       |       |       |       |     1 ||     1
 Abil: End Transformatio |       |       |       |       |     1 ||     1
Evoke: Wand              |       |       |       |     4 |       ||     4
  Use: Scroll            |       |    16 |     7 |     6 |     3 ||    32
       Potion            |       |     1 |     9 |     7 |     2 ||    19
 Stab: Sleeping          |     3 |     7 |     8 |       |     3 ||    21
       Held in net/web   |       |       |     1 |       |       ||     1
       Distracted        |       |       |       |     2 |     1 ||     3
  Eat: Chunk             |       |     4 |    15 |    13 |     5 ||    37
       Beef jerky        |       |       |     2 |       |       ||     2
       Bread ration      |       |       |     2 |       |       ||     2
       Meat ration       |       |       |     1 |     2 |       ||     3
       Pizza             |       |       |     1 |       |       ||     1
       Fruit             |       |       |       |     5 |     3 ||     8
       Royal jelly       |       |       |       |     1 |       ||     1
Armor: Skin              |     3 |     2 |    87 |     4 |    58 ||   154
Dodge: Dodged            |    34 |    50 |   189 |   304 |   232 ||   809
